 Dungeon Crawl Stone Soup version 0.21.0-3-g78d12a8 (webtiles) character file.

25767 Jatast the Severer (level 12, -4/110 HPs)
             Began as a Deep Dwarf Monk on Jan 12, 2018.
             Was a High Priest of Makhleb.
             Slain by a hog (10 damage)
             ... led by Kirke
             ... on level 4 of the Lair of Beasts.
             The game lasted 00:37:05 (13873 turns).

Jatast the Severer (Deep Dwarf Monk)               Turns: 13873, Time: 00:37:06

Health: -4/110     AC:  0    Str: 21    XL:     12   Next: 92%
Magic:  9/9        EV: 21    Int: 10    God:    Makhleb [*****.]
Gold:   1386       SH:  2    Dex: 15    Spells: 11/11 levels left

rFire    . . .     SeeInvis .   (weapon currently unavailable)
rCold    . . .     Gourm    .   (shield currently unavailable)
rNeg     . . .     Faith    .   (armour currently unavailable)
rPois    .         Spirit   .   (helmet currently unavailable)
rElec    .         Reflect  +   (cloak currently unavailable)
rCorr    .         Harm     .   (gloves currently unavailable)
MR       +....                  (boots currently unavailable)
Stlth    ++........             L - +2 amulet of reflection
HPRegen  0.00/turn              (ring currently unavailable)
MPRegen  0.11/turn              (ring currently unavailable)

@: lethally poisoned (-4 -> -6), pig-form, non-regenerating, very quick
A: small, damage resistance, heal wounds, sense surroundings 2, no regeneration
a: Heal Wounds, Minor Destruction, Lesser Servant of Makhleb, Major Destruction,
Greater Servant of Makhleb, Renounce Religion


You were on level 4 of the Lair of Beasts.
You worshipped Makhleb.
Makhleb was extremely pleased with you.
You were not hungry.
You were a filthy swine.
You visited 3 branches of the dungeon, and saw 17 of its levels.
You also visited: Bailey.

You collected 1386 gold pieces.

Inventory:

Hand Weapons
 g - the +1 battleaxe "Abiawouz" (melded) {flame, +Blink Str+2 Dex-5 SInv}
   (You acquired it on level 7 of the Dungeon)

   It has been specially enchanted to burn those struck by it, causing extra
   injury to most foes and up to half again as much damage against particularly
   susceptible opponents.
   Big, fiery blades are also staple armaments of hydra-hunters.
   It affects your strength (+2).
   It affects your dexterity (-5).
   It lets you see invisible.
   It lets you blink.
Missiles
 H - 15 javelins of returning (quivered)
Armour
 s - a +1 pair of boots (melded)
 u - the +2 helmet "Doal" (melded) {Str+3}
   (You found it on level 1 of the Lair of Beasts)

   It affects your strength (+3).
 M - a +2 chain mail of cold resistance (melded)
Jewellery
 a - a ring of see invisible (melded)
 L - a +2 amulet of reflection (around neck)
 P - a ring of protection from magic (melded)
Wands
 q - a wand of digging (11)
 t - a wand of scattershot (3)
 y - a wand of random effects (26)
 B - a wand of disintegration (13)
 C - a wand of polymorph (51)
 I - a wand of paralysis (11)
Scrolls
 b - 3 scrolls of enchant armour
 j - 13 scrolls of remove curse
 l - a scroll of fear
 m - 4 scrolls of teleportation
 o - 3 scrolls of immolation
 v - 2 scrolls of amnesia
 A - a scroll of blinking
 D - 2 scrolls of enchant weapon
 F - 3 scrolls of magic mapping
Potions
 d - 4 potions of lignification
 e - 3 potions of curing
 f - a potion of flight
 i - 4 potions of heal wounds
 k - a potion of mutation
 n - 4 potions of haste
 p - a potion of brilliance {unknown}
 r - a potion of agility {unknown}
 w - 3 potions of might
 x - 3 potions of invisibility
 z - 2 potions of cancellation
 E - 3 potions of berserk rage
 G - a potion of ambrosia {unknown}
 O - 2 potions of resistance
Books
 K - the Tome of Quantum Hexes
   (You found it in a bailey)

   Spells                             Type                      Level
   a - Corona                         Hexes                        1
   b - Confuse                        Hexes                        3
   c - Gell's Gravitas                Translocation                3
   d - Silence                        Hexes/Air                    5
 N - a book of the Sky

   Spells                             Type                      Level
   a - Summon Lightning Spire         Summoning/Air                4
   b - Silence                        Hexes/Air                    5
   c - Deflect Missiles               Charms/Air                   6
   d - Conjure Ball Lightning         Conjuration/Air              6
   e - Tornado                        Air                          9
Comestibles
 c - 33 rations
 h - a chunk of flesh


   Skills:
 + Level 7.9 Fighting
 + Level 16.6 Axes
 + Level 8.7 Armour
 - Level 9.3 Dodging
 - Level 2.4 Stealth
 + Level 8.4 Invocations


You had 11 spell levels left.
You didn't know any spells.

Dungeon Overview and Level Annotations

Branches:
Dungeon (11/15)            Temple (1/1) D:5            Lair (5/6) D:9
 Shoals (0/4) Lair:2       Spider (0/4) Lair:3          Orc (0/2) D:10
  Slime: Lair:5-6

Altars:
Ashenzari
Cheibriados
Dithmenos
Elyvilon
Fedhas
Gozag
Hepliaklqana
Kikubaaqudgha
Makhleb
Nemelex Xobeh
Okawaru
Qazlal
Ru
Sif Muna
Trog
Uskayaw
Vehumet
Wu Jian
Xom
Yredelemnul
Zin
The Shining One

Shops:
D:4 =   D:11 (

Annotations:
D:5 exclusion: 2 doors
D:10 exclusion: oklob plant
Lair:1 exclusion: oklob plant
Lair:4 Kirke


Innate Abilities, Weirdness & Mutations

You are resistant to damage.
You can heal yourself by infusing magical energy.
You passively map the area around you.
You do not regenerate.


Message History

There is a stone staircase leading up, spattered with blood here.
The spiny frog stings you!
* * * LOW HITPOINT WARNING * * *
You are poisoned.
The spiny frog poisons you! Kirke casts a spell at you.
You resist with some effort. The hog bites you.
* * * LOW HITPOINT WARNING * * *
The hog completely misses you. The spiny frog stings you!
* * * LOW HITPOINT WARNING * * *
You climb upwards.
The lindwurm disappears in a puff of smoke!
There is a stone staircase leading down here.
You feel much better.
The hog misses you. x2; Kirke barely misses you.
The spiny frog stings you!!
* * * LOW HITPOINT WARNING * * *
You are more poisoned.
The spiny frog poisons you! The hog barely misses you.
You fail to use your ability.
You feel sick. The hog bites you!
You die...

.#.............P#...P..#.#.....#.
......................(..........
..........<......................
.................................
...............#...#....#.#..##..
...............#.#.#...####.#....
....................#...##.......
#.P............@.F.....#.##......
...............hh.......###...[..
......^........h........##P......
...PPP##P...........#............
...######............#...#.......
#...# #.............####........
##### ######.#.....## ##.###.##
#####.### #.# #### ### ###


You could see Kirke, a spiny frog and 2 hogs.

Vanquished Creatures
  3 hydras
  2 two-headed ogres (D:11)
  An unseen horror (D:10)
  A cyclops (D:11)
  3 elephants (Lair:3)
  3 black mambas
  4 spiny frogs
  A rime drake (Lair:4)
  A komodo dragon (Lair:3)
  4 trolls
  Grinder (D:6)
  Prince Ribbit (D:6)
  2 hippogriffs
  7 dream sheep (Lair:4)
  A redback (Lair:3)
  2 shadows (D:11)
  10 yaks
  4 hogs
  9 spriggans (Lair:2)
  A human (D:7)
  A wyvern (D:9)
  3 basilisks
  A soldier ant (D:11)
  Duvessa (D:6)
  10 water moccasins
  4 porcupines
  13 orc warriors
  2 ice beasts
  4 sky beasts
  5 necrophages
  8 ogres
  16 centaurs
  3 crocodiles
  A big kobold (D:8)
  A gnoll sergeant (D:11)
  12 bullfrogs
  Dowan (D:6)
  5 scorpions
  A vampire bat (D:7)
  A howler monkey (D:5)
  3 jellies
  2 centaur zombies
  5 crimson imps
  A quasit (D:10)
  4 hounds
  6 orc priests
  2 bullfrog skeletons
  3 centaur skeletons
  3 iguanas
  13 orc wizards
  8 worker ants
  2 hound zombies
  2 worker ant zombies
  6 gnolls
  14 adders
  3 shadow imps
  3 adder zombies
  4 adder skeletons
  4 worms
  2 dart slugs
  3 leopard geckos
  64 orcs
  5 ball pythons
  9 giant cockroaches
  8 goblins
  4 hobgoblins
  18 jackals
  4 quokkas
  20 bats
  4 frilled lizards
  A giant cockroach zombie (D:5)
  A jackal skeleton (D:3)
  13 kobolds
  12 rats
  A fungus (Lair:4)
  4 plants
415 creatures vanquished.

Vanquished Creatures (collateral kills)
  A two-headed ogre (D:8)
  An ugly thing (D:11)
  An elephant (Lair:3)
  A komodo dragon (Lair:3)
  A hog (Lair:4)
  A porcupine (Lair:3)
  2 orc warriors (Bailey)
  A centaur (Bailey)
  5 orcs (Bailey)
14 creatures vanquished.

Grand Total: 429 creatures vanquished

Notes
Turn   | Place    | Note
-------+----------+-------------------------------------------
     0 | D:1      | Jatast the Deep Dwarf Monk began the quest for the Orb.
     0 | D:1      | Reached XP level 1. HP: 20/20 MP: 1/1
   184 | D:1      | Reached XP level 2. HP: 20/27 MP: 2/2
   252 | D:1      | Reached skill level 1 in Armour
   784 | D:2      | Reached XP level 3. HP: 29/34 MP: 2/2
  1115 | D:2      | Reached XP level 4. HP: 25/42 MP: 3/3
  1662 | D:3      | Reached XP level 5. HP: 25/50 MP: 3/3
  1774 | D:3      | Noticed an ogre
  1799 | D:3      | Killed an ogre
  1799 | D:3      | Reached skill level 5 in Dodging
  1929 | D:3      | Reached XP level 6. HP: 40/57 MP: 4/4
  1965 | D:3      | Found an ancient bone altar of Kikubaaqudgha.
  2030 | D:3      | Found a shattered altar of Ashenzari.
  2415 | D:3      | Found an iron altar of Okawaru.
  3022 | D:4      | Found a glowing golden altar of the Shining One.
  3057 | D:4      | Found Umaogrit's Jewellery Boutique.
  3433 | D:5      | Entered Level 5 of the Dungeon
  3788 | D:5      | Reached XP level 7. HP: 44/66 MP: 0/4
  3843 | D:5      | Reached skill level 5 in Fighting
  3848 | D:5      | Reached skill level 5 in Armour
  4099 | D:5      | Reached XP level 8. HP: 55/75 MP: 0/5
  4333 | D:5      | Found a staircase to the Ecumenical Temple.
  4379 | Temple   | Entered the Ecumenical Temple
  4580 | Temple   | Became a worshipper of Makhleb the Destroyer
  4580 | Temple   | Reached * piety under Makhleb
  4580 | Temple   | Reached ** piety under Makhleb
  4715 | D:6      | Noticed Prince Ribbit
  4768 | D:6      | Killed Prince Ribbit
  4970 | D:6      | Noticed Duvessa
  4970 | D:6      | Noticed Dowan
  4973 | D:6      | Killed Duvessa
  4973 | D:6      | Reached skill level 1 in Invocations
  4975 | D:6      | Killed Dowan
  5271 | D:6      | Noticed Grinder
  5283 | D:6      | Paralysed by Grinder for 2 turns
  5300 | D:6      | Killed Grinder
  5300 | D:6      | Gained mutation: You passively map the area around you. [Deep Dwarf growth]
  5300 | D:6      | Reached XP level 9. HP: 51/85 MP: 0/8
  5318 | D:6      | Found a bloodstained altar of Trog.
  5332 | D:6      | Found an opulent altar of Gozag.
  5350 | D:6      | Found an ornate altar of the Wu Jian Council.
  5379 | D:6      | Found a hide-covered altar of Uskayaw.
  5457 | D:6      | Found a blossoming altar of Fedhas.
  5672 | D:7      | Reached skill level 5 in Invocations
  5778 | D:7      | Found a flagged portal.
  5879 | Bailey   | Entered a bailey
  6096 | Bailey   | Reached *** piety under Makhleb
  6359 | Bailey   | Reached XP level 10. HP: 42/96 MP: 10/10
  6813 | Bailey   | Identified the Tome of Quantum Hexes
  6915 | D:7      | Identified a scroll of acquirement
  6916 | D:7      | Got a bloodstained battleaxe
  6917 | D:7      | Identified the +1 battleaxe "Abiawouz" {flame, +Blink Str+2 Dex-5 SInv} (You acquired it on level 7 of the Dungeon)
  7016 | D:7      | Found a deep blue altar of Sif Muna.
  7156 | D:7      | Reached skill level 4 in Axes
  7340 | D:7      | Found a basalt altar of Yredelemnul.
  7340 | D:7      | Found a glowing silver altar of Zin.
  7917 | D:8      | Reached skill level 5 in Axes
  8130 | D:8      | Noticed a two-headed ogre
  8134 | D:8      | Killed a two-headed ogre
  8187 | D:9      | Found a shadowy altar of Dithmenos.
  8201 | D:9      | Reached skill level 6 in Axes
  8263 | D:9      | Found a staircase to the Lair.
  8312 | D:9      | Reached **** piety under Makhleb
  8416 | D:9      | Reached skill level 7 in Axes
  8699 | D:10     | Entered Level 10 of the Dungeon
  8756 | D:10     | Reached skill level 8 in Axes
  8773 | D:10     | Found a blossoming altar of Fedhas.
  8773 | D:10     | Noticed an oklob plant
  8812 | D:10     | Noticed an unseen horror
  8820 | D:10     | Killed an unseen horror
  8917 | D:10     | Found a staircase to the Orcish Mines.
  8944 | D:10     | Reached skill level 9 in Axes
  9023 | D:10     | Reached XP level 11. HP: 103/103 MP: 11/11
  9610 | D:11     | Noticed a seven-headed hydra
  9627 | D:11     | Killed a one-headed hydra
  9627 | D:11     | Reached skill level 10 in Axes
  9633 | D:11     | Found Omur Duss's Weapon Shop.
  9637 | D:11     | Noticed a two-headed ogre
  9644 | D:11     | Killed a two-headed ogre
  9661 | D:11     | Reached skill level 11 in Axes
  9805 | D:11     | Noticed a two-headed ogre
  9813 | D:11     | Killed a two-headed ogre
  9881 | D:11     | Reached skill level 12 in Axes
 10044 | D:11     | Noticed a purple ugly thing
 10055 | D:11     | Killed a purple ugly thing
 10612 | Lair:1   | Entered Level 1 of the Lair of Beasts
 10631 | Lair:1   | Noticed an oklob plant
 10673 | Lair:1   | Reached skill level 13 in Axes
 10796 | Lair:1   | Got a smoking helmet
 10807 | Lair:1   | Identified the +2 helmet "Doal" {Str+3} (You found it on level 1 of the Lair of Beasts)
 11448 | Lair:2   | Found a staircase to the Shoals.
 11605 | Lair:2   | Reached XP level 12. HP: 81/110 MP: 10/10
 11661 | Lair:2   | Reached skill level 14 in Axes
 12148 | Lair:3   | Noticed a seven-headed hydra
 12158 | Lair:3   | Killed a two-headed hydra
 12218 | Lair:3   | Noticed an eight-headed hydra
 12224 | Lair:3   | Killed a four-headed hydra
 12224 | Lair:3   | Reached skill level 15 in Axes
 12373 | Lair:3   | Found a hole to the Spider Nest.
 13109 | Lair:4   | Reached skill level 16 in Axes
 13153 | Lair:4   | Reached ***** piety under Makhleb
 13826 | Lair:5   | Noticed Kirke
 13873 | Lair:4   | Slain by a hog

Skill      XL: |  1  2  3  4  5  6  7  8  9 10 11 12 |
---------------+-------------------------------------+-----
Armour         | 1 2 3 4 5 7 8 |  8.7
Fighting       | 3 4 5 6 7 |  7.9
Dodging        | 4 5 6 7 9 |  9.3
Invocations    | 3 6 8 |  8.4
Axes           | 9 13 16 | 16.6
Stealth        | |  2.4

Action                   |  1- 3 |  4- 6 |  7- 9 | 10-12 || total
-------------------------+-------+-------+-------+-------++-------
Melee: Hand axe          |   142 |    64 |    40 |       ||   246
       Dagger            |       |   454 |   528 |    32 ||  1014
       Battleaxe         |       |       |       |   789 ||   789
       Glaive            |       |       |       |    21 ||    21
       Unarmed           |       |       |       |     9 ||     9
Throw: Javelin           |       |       |       |     2 ||     2
Invok: Minor Destruction |       |       |    30 |    11 ||    41
       Lesser Servant of |       |       |     2 |     8 ||    10
 Abil: Heal Wounds       |     1 |     6 |    12 |    22 ||    41
Evoke: Wand              |       |       |     5 |       ||     5
  Use: Scroll            |       |    12 |     3 |    14 ||    29
 Stab: Sleeping          |     3 |       |       |       ||     3
       Distracted        |       |       |       |     4 ||     4
  Eat: Chunk             |     1 |     6 |     9 |    23 ||    39
       Ration            |       |     1 |       |     1 ||     2
Armor: Robe              |     3 |       |       |       ||     3
       Ring mail         |    40 |     2 |       |       ||    42
       Chain mail        |       |   154 |    44 |   280 ||   478
       Plate armour      |       |   146 |   289 |   245 ||   680
Dodge: Dodged            |   108 |   139 |   346 |   598 ||  1191
Block: Other             |       |       |       |     4 ||     4
